 Dungeon Crawl Stone Soup version 0.28.0-43-g3370ac3207 (webtiles) character file.

Game seed: 15402355366664909950

461 Ablot the Grasshopper (level 7, -7/56 HPs)
             Began as a Gnoll Warper on Mar 19, 2022.
             Mangled by a hornet (8 damage)
             ... on level 4 of the Dungeon.
             The game lasted 00:03:39 (3774 turns).

Ablot the Grasshopper (Gnoll Warper)                Turns: 3774, Time: 00:03:40

Health: -7/56      AC:  5    Str: 19    XL:     7   Next: 7%
Magic:  15/15      EV: 13    Int: 12    God:
Gold:   169        SH:  0    Dex: 11    Spells: 15/17 levels left

rFire   + . .      SeeInvis +   e - +2 dagger (drain)
rCold   . . .      Faith    .   (no shield)
rNeg    + . .      Spirit   .   b - +1 leather armour {rF+}
rPois   .          Reflect  .   v - +0 hat of the Centipede {rN+ Will+ Str+6}
rElec   .          Harm     .   p - +0 cloak
rCorr   .          Rampage  .   (no gloves)
Will    +....                   (no boots)
Stlth   ++........              (no amulet)
HPRegen 0.18/turn               n - ring of see invisible
MPRegen 0.14/turn               (no ring)

@: lethally poisoned (-7 -> -18), slowed, very slow
A: fangs 1, strong nose, distributed training
a: no special abilities


You were on level 4 of the Dungeon.
You visited 1 branch of the dungeon, and saw 4 of its levels.

You collected 169 gold pieces.

Inventory:

Hand Weapons
 a - a +0 spear
 e - a +2 dagger of draining (weapon)
 o - a +4 quarterstaff of chaos
Missiles
 d - 5 boomerangs of dispersal (quivered)
 f - 58 stones
 h - 48 bolts
 u - 13 sling bullets
Armour
 b - a +1 leather armour of fire resistance (worn)
 p - a +0 cloak (worn)
 v - the +0 hat of the Centipede (worn) {rN+ Will+ Str+6}
   (You found it on level 4 of the Dungeon)

   Str:       It affects your strength (+6).
   rN:        It protects you from negative energy.
   Will:      It increases your willpower.
Magical Staves
 k - a staff of cold
Jewellery
 n - a ring of see invisible (left hand)
Wands
 m - a wand of polymorph (11)
Scrolls
 c - a scroll of blinking
 g - 2 scrolls of identify {unknown}
 i - a scroll of teleportation {unknown}
 q - 3 scrolls of amnesia {unknown}
 r - a scroll of vulnerability {unknown}
 s - a scroll of brand weapon {unknown}
 t - a scroll of fog {unknown}
Potions
 j - a potion of ambrosia {unknown}
 l - a potion of lignification {unknown}


   Skills:
 + Level 5.1 Fighting
 + Level 2.2 Short Blades
 + Level 2.2 Long Blades
 + Level 2.2 Axes
 + Level 2.2 Maces & Flails
 + Level 5.1 Polearms
 + Level 2.2 Staves
 + Level 2.2 Slings
 + Level 2.2 Bows
 + Level 2.2 Crossbows
 + Level 3.4 Throwing
 + Level 3.4 Armour
 + Level 5.1 Dodging
 + Level 2.2 Stealth
 + Level 2.2 Shields
 + Level 2.2 Unarmed Combat
 + Level 5.5 Spellcasting
 + Level 1.8 Conjurations
 + Level 1.8 Hexes
 + Level 1.8 Summonings
 + Level 1.8 Necromancy
 + Level 5.7 Translocations
 + Level 1.8 Transmutations
 + Level 1.8 Fire Magic
 + Level 1.8 Ice Magic
 + Level 1.8 Air Magic
 + Level 1.8 Earth Magic
 + Level 1.8 Poison Magic
 + Level 2.5 Invocations
 + Level 2.2 Evocations


You had 15 spell levels left.
You knew the following spells:

 Your Spells              Type           Power      Damage    Failure   Level
a - Blink                 Tloc           34%        N/A       3%          2

Your spell library contained the following spells:

 Spells                   Type           Power      Damage    Failure   Level
 Gell's Gravitas          Tloc           17%        N/A       6%          3
 Lesser Beckoning         Tloc           17%        N/A       6%          3
 Teleport Other           Tloc           17%        N/A       6%          3
 Manifold Assault         Tloc           17%        N/A       50%         5


Dungeon Overview and Level Annotations

Branches:
Dungeon (4/15)
 Temple: D:4-7

Altars:


Innate Abilities, Weirdness & Mutations

You have very sharp teeth.
Your uncanny sense of smell can sniff out nearby items.
Your experience applies equally to all skills.


Message History

The kobold throws a stone.
The stone completely misses you.
A kobold comes into view. It is wielding a +0 short sword.
You hit the hornet but do no damage. The hornet completely misses you.
The hornet stings you but does no damage.
The hornet stings you!
You feel yourself slow down.
You barely miss the hornet. Your bite misses the hornet.
The hornet closely misses you. x2
You hit the hornet. You bite the hornet, but do no damage.
The hornet is lightly wounded.
The hornet stings you but does no damage.
The hornet stings you.
You feel as though you will be slow longer.
You barely miss the hornet.
The hornet is lightly wounded.
The hornet stings you.
You are poisoned.
You feel as though you will be slow longer.
You miss the hornet.
The hornet is lightly wounded.
You feel very sick. The hornet stings you.
You suddenly lose the ability to move!
The hornet stings you.
You are more poisoned.
You feel as though you will be slow longer.
The hornet stings you but does no damage.
You can move again.
You hit the hornet but do no damage.
The hornet is lightly wounded.
You feel very sick. The hornet stings you.
You feel as though you will be slow longer.
You barely miss the hornet.
The hornet is lightly wounded.
* * * LOW HITPOINT WARNING * * *
You feel very sick. The hornet stings you!
* * * LOW HITPOINT WARNING * * *
You feel as though you will be slow longer.
The hornet stings you!
You die...

..# ...## ..# ..>.#
..## ....### ...#
#....### ...##
#..#... #...####
#...#####..
#......#####
#........#
##.###.....##
####K##......
#..#####....###.@yK#
##### #...##
#..<.....#### .....#
#......### #....#
#.)..#....#
#....###....####.....
#....#.)..†.# ..##
<......###### .#
.....### .. #....# #


You could see a hornet and 2 kobolds.

Vanquished Creatures
  Sigmund (D:2)
  A water moccasin zombie (D:4)
  Crazy Yiuf (D:2)
  A centaur skeleton (D:4)
  Jessica (D:2)
  An orc wizard (D:4)
  Ijyb (D:3)
  6 adders
  2 worms (D:3)
  A dart slug (D:2)
  2 orcs
  12 ball pythons
  6 endoplasms
  4 goblins
  3 hobgoblins
  3 jackals (D:3)
  4 kobolds
  5 quokkas
  A bat (D:1)
  A frilled lizard (D:1)
  4 rats
61 creatures vanquished.

Notes
Turn   | Place    | Note
-------+----------+-------------------------------------------
     0 | D:1      | Ablot the Gnoll Warper began the quest for the Orb.
     0 | D:1      | Reached XP level 1. HP: 20/20 MP: 6/6
   254 | D:1      | Reached XP level 2. HP: 22/26 MP: 7/7
   257 | D:1      | Learned a level 2 spell: Blink
   443 | D:1      | Found a faded altar of an unknown god.
  1001 | D:2      | Reached skill level 5 in Spellcasting
  1001 | D:2      | Reached XP level 3. HP: 31/31 MP: 7/9
  1032 | D:2      | Noticed Jessica
  1036 | D:2      | Killed Jessica
  1037 | D:2      | Reached skill level 1 in Short Blades
  1037 | D:2      | Reached skill level 1 in Long Blades
  1037 | D:2      | Reached skill level 1 in Axes
  1037 | D:2      | Reached skill level 1 in Maces & Flails
  1037 | D:2      | Reached skill level 1 in Staves
  1037 | D:2      | Reached skill level 1 in Slings
  1037 | D:2      | Reached skill level 1 in Bows
  1037 | D:2      | Reached skill level 1 in Crossbows
  1037 | D:2      | Reached skill level 1 in Stealth
  1037 | D:2      | Reached skill level 1 in Shields
  1037 | D:2      | Reached skill level 1 in Unarmed Combat
  1037 | D:2      | Reached skill level 1 in Invocations
  1037 | D:2      | Reached skill level 1 in Evocations
  1084 | D:2      | Reached XP level 4. HP: 37/38 MP: 11/11
  1767 | D:2      | Found a runed translucent door.
  1768 | D:2      | Noticed Crazy Yiuf
  1777 | D:2      | Killed Crazy Yiuf
  1778 | D:2      | Reached skill level 1 in Conjurations
  1778 | D:2      | Reached skill level 1 in Hexes
  1778 | D:2      | Reached skill level 1 in Summonings
  1778 | D:2      | Reached skill level 1 in Necromancy
  1778 | D:2      | Reached skill level 1 in Transmutations
  1778 | D:2      | Reached skill level 1 in Fire Magic
  1778 | D:2      | Reached skill level 1 in Ice Magic
  1778 | D:2      | Reached skill level 1 in Air Magic
  1778 | D:2      | Reached skill level 1 in Earth Magic
  1778 | D:2      | Reached skill level 1 in Poison Magic
  1912 | D:2      | Noticed Sigmund
  1920 | D:2      | Reached XP level 5. HP: 34/43 MP: 12/12
  1933 | D:2      | Killed Sigmund
  1934 | D:2      | Reached XP level 6. HP: 28/50 MP: 14/14
  2510 | D:3      | Reached skill level 5 in Fighting
  2510 | D:3      | Reached skill level 5 in Polearms
  2510 | D:3      | Reached skill level 5 in Dodging
  2880 | D:3      | Noticed Ijyb
  2897 | D:3      | Killed Ijyb
  3375 | D:4      | Identified the +0 hat of the Centipede {rN+ Will+ Str+6}
  3585 | D:4      | Reached XP level 7. HP: 55/56 MP: 15/15
  3762 | D:4      | Noticed a hornet
  3772 | D:4      | Paralysed by a hornet for 1 turns
  3774 | D:4      | HP: 1/56 [hornet (12)]
  3774 | D:4      | Mangled by a hornet

Illustrated notes

Levels and vault maps discovered:
D:1:      ncdulo_lavacross, layout_loops_cross,
          hellmonk_ecumenical_altar_run_dry, minmay_ruptured
D:2:      layout_basic, grunt_decor_arrowhead, uniq_jessica, uniq_sigmund,
          uniq_crazy_yiuf_cottage
D:3:      layout_basic, nrook_mini_backslash, uniq_ijyb
D:4:      layout_rooms, gammafunk_ghost_abyssal_escape,
          nicolae_inconvenience_store, hangedman_decor_lopped,
          minmay_misc_feat_nine_boxes

Skill      XL: |  1  2  3  4  5  6 |
---------------+-------------------+-----
Spellcasting   | 5 |  5.5
Short Blades   | 1 2 |  2.2
Long Blades    | 1 2 |  2.2
Axes           | 1 2 |  2.2
Maces & Flails | 1 2 |  2.2
Staves         | 1 2 |  2.2
Slings         | 1 2 |  2.2
Bows           | 1 2 |  2.2
Crossbows      | 1 2 |  2.2
Stealth        | 1 2 |  2.2
Shields        | 1 2 |  2.2
Unarmed Combat | 1 2 |  2.2
Invocations    | 1 2 |  2.5
Evocations     | 1 2 |  2.2
Conjurations   | 1 |  1.8
Hexes          | 1 |  1.8
Summonings     | 1 |  1.8
Necromancy     | 1 |  1.8
Transmutations | 1 |  1.8
Fire Magic     | 1 |  1.8
Ice Magic      | 1 |  1.8
Air Magic      | 1 |  1.8
Earth Magic    | 1 |  1.8
Poison Magic   | 1 |  1.8
Throwing       | 3 |  3.4
Armour         | 3 |  3.4
Fighting       | 5 |  5.1
Polearms       | 5 |  5.1
Dodging        | 5 |  5.1
Translocations | |  5.7

Action                   |  1- 3 |  4- 6 |  7- 9 || total
-------------------------+-------+-------+-------++-------
Melee: Dagger            |    42 |   142 |    16 ||   200
       Bite              |       |    12 |     1 ||    13
       Unarmed           |       |    11 |       ||    11
       Punch             |       |     2 |       ||     2
  Use: Potion            |       |     1 |       ||     1
 Stab: Sleeping          |     1 |     4 |       ||     5
Armor: Leather armour    |     7 |    25 |     8 ||    40
       Skin              |       |     1 |       ||     1
Dodge: Dodged            |    27 |    81 |    12 ||   120
